 Dungeon Crawl Stone Soup version 0.26.1-11-gd32895ea62 (webtiles) character file.

Game seed: 2181194213628506835

156 vvl the Ruffian (level 5, -1/48 HPs)
             Began as a Troll Transmuter on June 3, 2021.
             Slain by a hound (2 damage)
             ... on level 4 of the Dungeon.
             The game lasted 00:05:04 (1670 turns).

vvl the Ruffian (Troll Transmuter)                  Turns: 1670, Time: 00:05:04

Health: -1/48      AC:  6    Str: 18    XL:     5   Next: 14%
Magic:  6/6        EV: 10    Int: 10    God:
Gold:   132        SH:  0    Dex: 10    Spells: 6/7 levels left

rFire    . . .     SeeInvis .     - Unarmed
rCold    . . .     Faith    .   (no shield)
rNeg     . . .     Spirit   .   a - +0 robe
rPois    .         Reflect  .   (helmet restricted)
rElec    .         Harm     .   (no cloak)
rCorr    .         Rampage  .   (gloves unavailable)
Will     .....                  (boots unavailable)
Stlth    +.........             (no amulet)
HPRegen  0.56/turn              (no ring)
MPRegen  0.10/turn              (no ring)

@: no status effects
A: large, unfitting armour, claws 3, regeneration 1, shaggy fur 1, tough skin 3
a: no special abilities


You were on level 4 of the Dungeon.
You visited 1 branch of the dungeon, and saw 4 of its levels.

You collected 132 gold pieces.

Inventory:

Armour
 a - a +0 robe (worn)
Jewellery
 f - a cursed amulet of inaccuracy {unknown}
Wands
 g - a wand of iceblast (4)
Scrolls
 c - 2 scrolls of identify {unknown}
 i - a scroll of teleportation {unknown}
 k - 3 scrolls of remove curse {unknown}
 l - a scroll of fear {unknown}
 m - a scroll of blinking {unknown}
 o - a scroll of immolation {unknown}
Potions
 b - a potion of magic {unknown}
 d - a potion of flight {unknown}
 e - a potion of curing {unknown}
 h - a potion of haste {unknown}
 j - 2 potions of lignification {unknown}
 n - a potion of cancellation {unknown}


   Skills:
 + Level 1.5 Fighting
 + Level 1.0 Armour
 + Level 1.9 Dodging
 * Level 4.0 Unarmed Combat
 + Level 1.6 Spellcasting
 * Level 2.3 Transmutations


You had 6 spell levels left.
You knew the following spells:

 Your Spells              Type           Power        Failure   Level
a - Beastly Appendage     Tmut           10%          12%         1

Your spell library contained the following spells:

 Spells                   Type           Power        Failure   Level
 Wereblood                Tmut           5%           19%         2
 Spider Form              Tmut/Pois      1%           52%         3
 Ice Form                 Ice/Tmut       3%           89%         4
 Blade Hands              Tmut           2%           98%         5


Dungeon Overview and Level Annotations

Branches:
Dungeon (4/15)
 Temple: D:4-7

Altars:
Fedhas


Innate Abilities, Weirdness & Mutations

You are too large for most types of armour.
You have claws for hands.
Your natural rate of healing is unusually fast.
You are covered in fur. (AC +1)
You have extremely tough skin. (AC +3)


Message History

The hound pauses to sniff the ground.
Things that are here:
a +0 dagger; a +0 robe You barely miss the orc.
The orc is severely wounded.
The orc barely misses you.
You completely miss the orc.
The orc is severely wounded.
The orc hits you with a +0 club.
* * * LOW HITPOINT WARNING * * *
The hound bites you but does no damage.
You scratch the orc but do no damage.
The orc is severely wounded.
The hound bites you.
* * * LOW HITPOINT WARNING * * *
The orc hits you but does no damage.
You scratch the orc.
You kill the orc!
The hound bites you.
You die...

#........
#......
#.....#
#...†.#
#...<.#
#...).#
#.....#
#..h).#
#...@.#
#######


You could see a hound.

Vanquished Creatures
  A worker ant (D:2)
  2 orc wizards
  2 adders
  2 worms
  A dart slug (D:1)
  5 leopard geckos
  2 orcs
  7 bats
  2 giant cockroaches
  6 goblins
  4 hobgoblins (D:1)
  6 jackals
  2 kobolds
  3 quokkas
  A ball python (D:2)
  9 frilled lizards
  3 rats
58 creatures vanquished.

Notes
Turn   | Place    | Note
-------+----------+-------------------------------------------
     0 | D:1      | vvl the Troll Transmuter began the quest for the Orb.
     0 | D:1      | Reached XP level 1. HP: 18/18 MP: 1/1
    65 | D:1      | Reached XP level 2. HP: 23/26 MP: 3/3
    96 | D:1      | Reached skill level 1 in Fighting
   418 | D:1      | Reached XP level 3. HP: 33/33 MP: 4/4
  1053 | D:2      | Found a blossoming altar of Fedhas.
  1136 | D:2      | Reached XP level 4. HP: 41/41 MP: 5/5
  1660 | D:4      | HP: 1/41 [orc wizard/+0 dagger (6)]
  1662 | D:4      | Reached skill level 1 in Armour
  1662 | D:4      | Reached skill level 4 in Unarmed Combat
  1662 | D:4      | Reached XP level 5. HP: 1/48 MP: 6/6
  1668 | D:4      | HP: 1/48 [orc/+0 club (4)]
  1670 | D:4      | Slain by a hound

Illustrated notes

Levels and vault maps discovered:
D:1:      dpeg_arrival_chambers_temple_mockup, layout_rooms, minivault_11,
          minmay_door_square, minmay_lizard_pond
D:2:      layout_basic, lemuel_round_altar
D:3:      layout_basic, ashenzari_altar_1, nemelex_xobeh_ov_fountains_minmay
D:4:      layout_basic, overflow_temple_1_default, kennysheep_little_box

Skill      XL: |  1  2  3  4 |
---------------+-------------+-----
Fighting       | 1 |  1.5
Transmutations | 2 |  2.3
Armour         | 1 |  1.0
Unarmed Combat | 4 |  4.0
Dodging        | |  1.9
Spellcasting   | |  1.6

Action                   |  1- 3 |  4- 6 || total
-------------------------+-------+-------++-------
Melee: Unarmed           |   110 |    52 ||   162
       Punch             |     1 |       ||     1
Evoke: Wand              |       |     1 ||     1
Armor: Robe              |    67 |    18 ||    85
Dodge: Dodged            |    88 |    35 ||   123
